 Dungeon Crawl Stone Soup version 0.20.0-15-g7f486f2 (console) character file.

4395 uvhash the Tainter (level 10, -1/63 HPs)
             Began as a Demonspawn Venom Mage on June 22, 2017.
             Was an Elder of Okawaru.
             Slain by a warg (3 damage)
             ... on level 9 of the Dungeon.
             The game lasted 00:37:36 (6477 turns).

uvhash the Tainter (Demonspawn Venom Mage)          Turns: 6477, Time: 00:37:37

Health: -1/63      AC:  6    Str:  8    XL:     10   Next: 13%
Magic:  15/22      EV: 22    Int: 27    God:    Okawaru [****..]
Gold:   179        SH:  0    Dex: 13    Spells: 7/13 levels left

rFire    . . .     SeeInvis .   a - +5 quarterstaff (chaos)
rCold    + . .     Gourm    .   (shield currently unavailable)
rNeg     . . .     Faith    .   g - +0 robe
rPois    .         Spirit   .   (helmet unavailable)
rElec    +         Reflect  .   h - +0 cloak
rCorr    .         Harm     .   t - +2 pair of gloves
MR       .....                  (no boots)
Stlth    +++.......             y - amulet "Fecroakh" {RegenMP rElec Str-2 Int+8}
Regen    0.2/turn               n - ring of magical power
MPRegen  0.3/turn               N - +3 ring of evasion

@: heroism
A: hooves 2, horns 3, cold resistance 1, demonic guardian 1
a: Heroism, Renounce Religion


You were on level 9 of the Dungeon.
You worshipped Okawaru.
Okawaru was greatly pleased with you.
You were not hungry.

You visited 1 branch of the dungeon, and saw 9 of its levels.

You collected 413 gold pieces.
You spent 234 gold pieces at shops.

Inventory:

Hand Weapons
 a - a +5 quarterstaff of chaos (weapon)
 S - a +0 lajatang
Missiles
 d - 8 tomahawks (quivered)
 f - 60 sling bullets
 H - 7 poisoned needles
Armour
 g - a +0 robe (worn)
 h - a +0 cloak (worn)
 m - a +0 chain mail of cold resistance
 t - a +2 pair of gloves (worn)
Magical Staves
 w - an uncursed staff of death
Jewellery
 e - an uncursed ring of fire
 n - a ring of magical power (left hand)
 p - a +2 ring of dexterity
 s - an uncursed ring of resist corrosion
 v - a +4 ring of intelligence
 y - the amulet "Fecroakh" (around neck) {RegenMP rElec Str-2 Int+8}
   (You bought it in a shop on level 6 of the Dungeon)

   [amulet of magic regeneration]

   It increases your magic regeneration.
   It affects your strength (-2).
   It affects your intelligence (+8).
   It insulates you from electricity.
 N - a +3 ring of evasion (right hand)
Wands
 x - a wand of flame (11/48)
 J - a wand of confusion (13/48)
 P - a wand of flame (18/48)
Scrolls
 F - a scroll of fog {unknown}
 G - a scroll of enchant armour
 K - 3 scrolls of remove curse
 L - a scroll of immolation
 M - 4 scrolls of identify
 O - a scroll of teleportation {unknown}
 R - a scroll of enchant weapon
 U - a scroll of blinking {unknown}
Potions
 i - 2 potions of heal wounds
 k - 2 potions of curing
 l - a potion of might
 q - 2 potions of resistance {unknown}
 r - a potion of magic {unknown}
 z - a potion of brilliance {unknown}
 A - 2 potions of flight
 B - 2 potions of haste
 C - 3 potions of mutation
 D - a potion of lignification {unknown}
 E - 2 potions of berserk rage {unknown}
 Q - a potion of ambrosia {unknown}
Books
 b - a Young Poisoner's Handbook

   Spells                             Type                      Level
   a - Sting                          Conjuration/Poison           1
   b - Poisonous Vapours              Poison/Air                   2
   c - Mephitic Cloud                 Conjuration/Poison/Air       3
   d - Olgreb's Toxic Radiance        Poison                       4
   e - Venom Bolt                     Conjuration/Poison           5
Miscellaneous
 T - a fan of gales
Comestibles
 c - 6 bread rations
 j - 4 meat rations
 o - 9 royal jellies
 u - 26 fruits


   Skills:
 + Level 6.9(11.9) Dodging
 - Level 2.0(7.0) Stealth
 + Level 4.4(9.4) Unarmed Combat
 - Level 2.0 Spellcasting
 - Level 1.0 Conjurations
 + Level 6.1 Air Magic
 + Level 8.2 Poison Magic
 + Level 4.9 Invocations
 + Level 4.1 Evocations


You had 7 spell levels left.
You knew the following spells:

 Your Spells              Type           Power        Failure   Level  Hunger
a - Sting                 Conj/Pois      ####         1%          1    None
b - Poisonous Vapours     Pois/Air       #####.       1%          2    ##.....
c - Mephitic Cloud        Conj/Pois/Air  ####....     3%          3    ###....


Dungeon Overview and Level Annotations

Branches:
Dungeon (9/15)             Temple (0/1) D:7
   Lair: D:8-11         Orc: D:9-12

Altars:
Ashenzari
Cheibriados
Dithmenos
Nemelex Xobeh
Okawaru
Sif Muna
Trog
Uskayaw
Xom
Zin

Shops:
D:6 *   D:9 *


Innate Abilities, Weirdness & Mutations

You have hoof-like feet.
You have a pair of large horns on your head.
Your flesh is cold resistant. (rC+)
A weak demonic guardian rushes to your aid.


Message History

Unknown command.
You feel better. The warg misses you.
You hit the warg but do no damage.
You headbutt the warg, but do no damage.
The warg is lightly wounded.
The warg bites you.
The orc warrior mumbles something.
The warg closely misses you.
You hit the warg.
The warg goes berserk!
You kick the warg, but do no damage.
The warg is moderately wounded.
The warg bites you!!
* * * LOW HITPOINT WARNING * * *
The orc warrior looks very confused.
The warg closely misses you.
You hit the warg.
The warg looks off-balance for a moment.
Your kick misses the warg.
The warg is moderately wounded.
The warg bites you.
You die...

#.................
##...#............
##........h......
#................
##....o........#
##.....))...o..#
#....##)##.#....#
##...#.h###.. ...
#..#...@# .... .
#...##..## ###..
##.###### . ##


You could see a warg (berserk) and an orc warrior (confused).

Vanquished Creatures
  The ghost of Terandir the Cleaver, a novice MiFi of Cheibriados (D:8)
  2 hornets (D:8)
  Prince Ribbit (D:7)
  2 black bears
  An ice beast (D:7)
  2 sky beasts
  2 orc warriors
  3 ogres
  2 phantoms
  A centaur (D:9)
  A big kobold (D:8)
  2 gnoll sergeants
  4 bullfrogs
  3 scorpions
  3 wights (D:7)
  6 electric eels (D:8)
  2 howler monkeys (D:8)
  A crimson imp (D:7)
  A bullfrog zombie (D:6)
  2 centaur zombies
  3 hounds
  A jelly (D:8)
  2 orc priests
  A bullfrog skeleton (D:4)
  A gnoll shaman (D:4)
  5 orc wizards
  Crazy Yiuf (D:2)
  A centaur skeleton (D:7)
  Jessica (D:3)
  9 worker ants
  An iguana (D:4)
  A killer bee zombie (D:5)
  2 hound skeletons
  A worker ant zombie (D:5)
  9 gnolls
  10 adders
  A shadow imp (D:5)
  An ooze (D:4)
  An adder zombie (D:8)
  2 adder skeletons
  2 worms (D:5)
  3 dart slugs
  3 leopard geckos
  21 orcs
  5 ball pythons
  5 giant cockroaches
  7 hobgoblins
  5 jackals
  4 quokkas
  A ball python skeleton (D:5)
  7 bats
  5 frilled lizards
  9 goblins
  5 kobolds
  12 rats
190 creatures vanquished.

Vanquished Creatures (collateral kills)
  A centaur (D:8)
  A quasit (D:8)
  An adder skeleton (D:9)
  An orc (D:9)
  A hobgoblin (D:9)
5 creatures vanquished.

Grand Total: 195 creatures vanquished

Notes
Turn   | Place    | Note
-------+----------+-------------------------------------------
     0 | D:1      | uvhash the Demonspawn Venom Mage began the quest for the Orb.
     0 | D:1      | Reached XP level 1. HP: 13/13 MP: 3/3
   119 | D:1      | Gained mutation: Your flesh is cold resistant. (rC+) [demonic ancestry]
   119 | D:1      | Reached XP level 2. HP: 18/19 MP: 1/5
   376 | D:1      | Learned a level 2 spell: Poisonous Vapours
   379 | D:1      | Reached XP level 3. HP: 9/24 MP: 0/6
   537 | D:2      | Learned a level 3 spell: Mephitic Cloud
   723 | D:2      | Found a runed door.
   731 | D:2      | Noticed Crazy Yiuf
   791 | D:2      | Killed Crazy Yiuf
   791 | D:2      | Reached skill level 4 in Poison Magic
   791 | D:2      | Gained mutation: You have a pair of small horns on your head. [demonic ancestry]
   791 | D:2      | Reached XP level 4. HP: 30/30 MP: 1/7
   947 | D:2      | Found a shadowy altar of Dithmenos.
   959 | D:2      | Reached skill level 1 in Air Magic
  1471 | D:3      | Noticed Jessica
  1480 | D:3      | Killed Jessica
  1480 | D:3      | Gained mutation: You have a pair of horns on your head. [demonic ancestry]
  1480 | D:3      | Reached XP level 5. HP: 35/35 MP: 4/8
  1492 | D:3      | Found a deep blue altar of Sif Muna.
  1620 | D:3      | Found a shimmering altar of Xom.
  1712 | D:3      | Found a shattered altar of Ashenzari.
  1934 | D:3      | Reached skill level 5 in Poison Magic
  2117 | D:4      | Noticed an ogre
  2135 | D:4      | Killed an ogre
  2135 | D:4      | Gained mutation: You have large cloven feet. [demonic ancestry]
  2135 | D:4      | Reached XP level 6. HP: 37/41 MP: 9/9
  2383 | D:4      | Gained mutation: You have a pair of large horns on your head. [demonic ancestry]
  2383 | D:4      | Reached XP level 7. HP: 24/46 MP: 8/10
  2484 | D:4      | Found a hide-covered altar of Uskayaw.
  2519 | D:4      | Noticed a hand axe
  2519 | D:4      | Noticed a dagger
  2574 | D:4      | Reached skill level 6 in Poison Magic
  2632 | D:5      | Entered Level 5 of the Dungeon
  2645 | D:5      | Found an iron altar of Okawaru.
  2654 | D:5      | Became a worshipper of Warmaster Okawaru
  3144 | D:6      | Found Vego's Assorted Antiques.
  3157 | D:6      | Reached skill level 5 in Dodging
  3168 | D:6      | Bought a twitching steel amulet for 120 gold pieces
  3168 | D:6      | Bought a scroll labeled BAUPASH KINN for 24 gold pieces
  3168 | D:6      | Bought a scroll labeled LEASAENAHO for 24 gold pieces
  3168 | D:6      | Bought a scroll labeled DISUSYT FOLIOF for 24 gold pieces
  3178 | D:6      | Identified the amulet "Fecroakh" {RegenMP rElec Str-2 Int+8} (You bought it in a shop on level 6 of the Dungeon)
  3266 | D:6      | Found a glowing silver altar of Zin.
  3266 | D:6      | Found a snail-covered altar of Cheibriados.
  3349 | D:6      | Bought a silvery potion for 21 gold pieces
  3349 | D:6      | Bought a bubbling pink potion for 21 gold pieces
  3395 | D:6      | Reached * piety under Okawaru
  3395 | D:6      | Gained mutation: You have hoof-like feet. [demonic ancestry]
  3395 | D:6      | Reached XP level 8. HP: 20/52 MP: 9/11
  3593 | D:5      | Reached skill level 1 in Unarmed Combat
  3607 | D:5      | Reached skill level 7 in Poison Magic
  3766 | D:5      | Reached ** piety under Okawaru
  3848 | D:5      | Reached skill level 5 in Air Magic
  4117 | D:4      | Noticed a moth of wrath
  4120 | D:4      | Found a bloodstained altar of Trog.
  4319 | D:7      | Reached skill level 1 in Invocations
  4351 | D:7      | Reached skill level 1 in Evocations
  4387 | D:7      | Found a sparkling altar of Nemelex Xobeh.
  4421 | D:7      | Noticed Prince Ribbit
  4432 | D:7      | Killed Prince Ribbit
  4581 | D:7      | Gained mutation: A weak demonic guardian rushes to your aid. [demonic ancestry]
  4581 | D:7      | Reached XP level 9. HP: 49/57 MP: 12/12
  4628 | D:7      | HP: 2/57 [ice beast (6)]
  4910 | D:7      | Found a staircase to the Ecumenical Temple.
  5236 | D:8      | Noticed Terandir's ghost (novice MiFi)
  5250 | D:8      | Killed Terandir's ghost
  5250 | D:8      | Reached *** piety under Okawaru
  5691 | D:8      | Reached skill level 8 in Poison Magic
  6096 | D:8      | Reached XP level 10. HP: 37/63 MP: 13/13
  6267 | D:8      | Reached **** piety under Okawaru
  6294 | D:9      | Found Gus Vanko's Assorted Antiques.
  6476 | D:9      | HP: 2/63 [warg (19)]
  6477 | D:9      | Slain by a warg

Skill      XL: |  1  2  3  4  5  6  7  8  9 10 |
---------------+-------------------------------+-----
Dodging        | 2 3 4 5 6 |  6.9
Stealth        | 2 |  2.0
Poison Magic   | 4 5 6 7 8 |  8.2
Air Magic      | 1 2 3 4 5 6 |  6.1
Unarmed Combat | 2 4 |  4.4
Invocations    | 2 4 |  4.9
Evocations     | 1 3 4 |  4.1
Spellcasting   | |  2.0
Conjurations   | |  1.0

Action                   |  1- 3 |  4- 6 |  7- 9 | 10-12 || total
-------------------------+-------+-------+-------+-------++-------
Melee: Unarmed           |    29 |       |       |       ||    29
       Spear             |    30 |       |       |       ||    30
       Quarterstaff      |       |    61 |   162 |    23 ||   246
       Headbutt          |       |     9 |    29 |     3 ||    41
       Kick              |       |     1 |    38 |     5 ||    44
       Staff             |       |       |    44 |       ||    44
Throw: Tomahawk          |       |       |     6 |       ||     6
 Cast: Sting             |    44 |    66 |   108 |    19 ||   237
       Poisonous Vapours |     3 |    11 |    51 |    11 ||    76
       Mephitic Cloud    |       |     1 |     6 |     4 ||    11
Invok: Heroism           |       |       |     4 |     1 ||     5
Evoke: Wand              |       |       |     1 |       ||     1
  Use: Potion            |     2 |     1 |     2 |     1 ||     6
       Scroll            |       |     5 |     9 |     2 ||    16
 Stab: Sleeping          |       |       |     1 |       ||     1
       Confused          |       |       |     1 |       ||     1
  Eat: Chunk             |       |     7 |    15 |     3 ||    25
       Fruit             |       |       |     1 |       ||     1
Armor: Robe              |    25 |    16 |    41 |     6 ||    88
Dodge: Dodged            |    68 |    52 |   161 |    31 ||   312
